 Dungeon Crawl Stone Soup version 0.30-a0-166-g5d06c95188 (webtiles) character file.

Game seed: 9107389079049143424

70 qw the Shield-Bearer (level 4, -1/28 HPs)
             Began as a Gargoyle Fighter on Sept 28, 2022.
             Frozen to death by an endoplasm (4 damage)
             ... on level 2 of the Dungeon.
             The game lasted 00:00:39 (1673 turns).

qw the Shield-Bearer (Gargoyle Fighter)             Turns: 1673, Time: 00:00:39

Health: -1/28      AC: 11    Str: 21    XL:     4   Next: 21%
Magic:  4/4        EV:  5    Int:  9    God:
Gold:   100        SH:  8    Dex:  9    Spells: 3/3 levels left

rFire   . . .      SeeInvis .    Y - +0 war axe
rCold   . . .      Faith    .    n - +0 kite shield
rNeg    + . .      Spirit   .    b - +0 scale mail
rPois   inf        Reflect  .    (no helmet)
rElec   +          Harm     .    j - +0 cloak
rCorr   .          Rampage  .    (no gloves)
Will    .....                    (no boots)
Stlth   ..........               (no amulet)
HPRegen 0.09/turn                (no ring)
MPRegen 0.09/turn                (no ring)

@: grasped by roots, constricted
A: sickness immunity, AC +3, negative energy resistance 1, electricity
resistance, torment resistance 1, petrification resistance
a: no special abilities


You were on level 2 of the Dungeon.
You visited 1 branch of the dungeon, and saw 2 of its levels.

You collected 100 gold pieces.


Innate Abilities, Weirdness & Mutations

You are immune to sickness and miasma.
Your stone body is resilient. (AC +3)
You are immune to poison.
You resist negative energy. (rN+)
You are resistant to electric shocks. (rElec)
You are resistant to unholy torment.
You are immune to petrification.


   Skills:
 - Level 3.2 Fighting
 - Level 3.5 Axes
 - Level 3.2 Armour
 + Level 3.9 Shields


You had 3 spell levels left.
You didn't know any spells.
Your spell library was empty.

Inventory:

Hand Weapons
 m - a +0 flail
 Y - a +0 war axe (weapon)
Armour
 b - a +0 scale mail (worn)
 j - a +0 cloak (worn)
 n - a +0 kite shield (worn)
Scrolls
 a - a scroll of immolation {unknown}
 c - a scroll of brand weapon {unknown}
Potions
 d - a potion of might
 g - 2 potions of degeneration {unknown}
 i - a potion of attraction {unknown}
 k - a potion of heal wounds {unknown}
 l - a potion of mutation {unknown}
 o - a potion of berserk rage {unknown}

Dungeon Overview and Level Annotations

Branches:
Dungeon (2/15)

Altars:

Annotations:
D:2 Natasha


Message History

Enter note:
Enter note:
Found a club.
Natasha and an endoplasm come into view.
Natasha is carrying a wand of roots (13).
Found a robe.
Natasha hisses angrily.
The endoplasm quivers.
Natasha zaps a wand.
The roots erupt in riotous growth!
The grasping roots grab you! The grasping roots constrict you.
You escape the roots grasp.
Natasha zaps a wand.
The roots erupt in riotous growth!
The grasping roots grab you! The grasping roots constrict you.
You escape the roots grasp.
Natasha zaps a wand.
The roots erupt in riotous growth!
The grasping roots grab you!
Natasha is unaffected.
The grasping roots constrict you.
You hit Natasha.
Natasha is lightly wounded.
Natasha claws you but does no damage. The grasping roots constrict you.
You barely miss Natasha.
Natasha is lightly wounded.
Natasha casts a spell at you. The magic dart hits you.
The grasping roots constrict you. You block Natasha's attack.
The grasping roots constrict you. The endoplasm freezes you.
You are frozen.
The grasping roots release their grip on you.
You hit Natasha.
Natasha is moderately wounded.
You barely miss the endoplasm.
Natasha zaps a wand.
The roots erupt in riotous growth!
The grasping roots grab you!
The endoplasm is unaffected.
Natasha is unaffected.
The grasping roots constrict you. The endoplasm freezes you.
You are frozen.
You die...

#............### #.#.#.
#############...# #...#.
..~.~....## ############
#####. ....~~~~~.##
~~#........ #.
..~........##~##........
#.
~~~.~~~~~~~~~~##.[......
#.
~~.~~~~~~~~~~###........
#.
...~..~~...#####h.......
#.
...............#@J......
..
##.............#....)...
##...............##.....
....##########...# ##..
....# #...# . ....#
#..).. ....# #......
....# #........ ....#
#........


You could see Natasha and an endoplasm.

Vanquished Creatures
  A gnoll (D:1)
  2 adders (D:2)
  3 dart slugs (D:1)
  4 ball pythons
  5 bats (D:1)
  2 endoplasms (D:1)
  A giant cockroach (D:1)
  5 goblins (D:1)
  A hobgoblin (D:1)
  4 kobolds (D:1)
  3 quokkas
  2 frilled lizards
  4 rats (D:1)
37 creatures vanquished.

Vanquished Creatures (others)
  6 fungi (D:1)
  3 plants (D:1)
9 creatures vanquished.

Grand Total: 46 creatures vanquished

Notes
Turn   | Place    | Note
-------+----------+-------------------------------------------
     0 | D:1      | qw the Gargoyle Fighter began the quest for the Orb.
     0 | D:1      | Reached XP level 1. HP: 14/14 MP: 1/1
     0 | D:1      | 0 ||| qw: Version: 0.2-a-12-gaebbb33
     0 | D:1      | 0 ||| qw: Game counter: 937
     0 | D:1      | 0 ||| qw: Always use a shield: true
     0 | D:1      | 0 ||| qw: God list: Okawaru
     0 | D:1      | 0 ||| qw: Allow faded altars: false
     0 | D:1      | 0 ||| qw: Do Orc after D:15 true
     0 | D:1      | 0 ||| qw: Do second Lair branch before Depths: true
     0 | D:1      | 0 ||| qw: Lair rune preference: random
     0 | D:1      | 0 ||| qw: Plans: Normal, Zot:1-4, God:TSO, Crypt, Tomb,
                  | Pan, Slime:5, Hells, Abyss, Orb
     0 | D:1      | 0 ||| PLANNING D:1-11
    96 | D:1      | Reached XP level 2. HP: 19/19 MP: 2/2
   245 | D:1      | 245 ||| DROPPING +0 club.
   281 | D:1      | Reached skill level 3 in Axes
   283 | D:1      | 283 ||| DROPPING +0 whip.
   318 | D:1      | Reached XP level 3. HP: 18/23 MP: 3/3
   395 | D:1      | 395 ||| Stepping ~*~*~tactically~*~*~ (stealth).
   396 | D:1      | 396 ||| Stepping ~*~*~tactically~*~*~ (stealth).
   401 | D:1      | 401 ||| Stepping ~*~*~tactically~*~*~ (stealth).
   402 | D:1      | 402 ||| Stepping ~*~*~tactically~*~*~ (stealth).
   403 | D:1      | 403 ||| Stepping ~*~*~tactically~*~*~ (stealth).
   404 | D:1      | 404 ||| Stepping ~*~*~tactically~*~*~ (stealth).
   447 | D:1      | 447 ||| Stepping ~*~*~tactically~*~*~ (hiding).
   448 | D:1      | 448 ||| Stepping ~*~*~tactically~*~*~ (hiding).
   449 | D:1      | 449 ||| Stepping ~*~*~tactically~*~*~ (hiding).
  1113 | D:1      | Found a faded altar of an unknown god.
  1153 | D:1      | 1153 ||| UPGRADING to +0 cloak.
  1158 | D:1      | 1158 ||| UPGRADING to +0 kite shield.
  1168 | D:1      | 1168 ||| DROPPING +0 buckler.
  1169 | D:1      | 1169 ||| DROPPING amulet of magic regeneration.
  1170 | D:1      | 1170 ||| READING scroll labelled FAC CIPOTU.
  1174 | D:1      | 1174 ||| READING scroll labelled IZAWIDW CUCA.
  1175 | D:1      | 1175 ||| READING scroll labelled KUFAJY PYANIOSO.
  1364 | D:2      | Reached XP level 4. HP: 28/28 MP: 4/4
  1668 | D:2      | Noticed Natasha
  1672 | D:2      | HP: 6/28 [frozen (2)]
  1673 | D:2      | Frozen to death by an endoplasm

Levels and vault maps discovered:
D:1:      minmay_arrival_cross, layout_basic,
          dreamdust_ecumenical_altar_hidden_monk_grotto
D:2:      layout_basic, minivault_11, chequers_serial_rivers_small_3,
          uniq_natasha

Skill      XL: |  1  2 |
---------------+-------+-----
Axes           | 2 3 |  3.5
Fighting       | |  3.2
Armour         | |  3.2
Shields        | |  3.9

Action                   |  1- 3 |  4- 6 || total
-------------------------+-------+-------++-------
Melee: War axe           |   102 |    23 ||   125
  Use: Scroll            |     3 |       ||     3
Armor: Scale mail        |    52 |     8 ||    60
Dodge: Dodged            |    40 |     7 ||    47
Block: Buckler           |    24 |       ||    24
       Kite shield       |     4 |    12 ||    16

Table legend:
 A = Non-vault XP
 B = Vault XP
 C = Vault XP percentage of total XP
 D = Non-vault monster count
 E = Vault monster count
 F = Vault count percentage of total count
                 A         B        C        D         E       F
            +---------+---------+-------+---------+---------+-------
      Total |     100 |       0 |   0.0 |      37 |       0 |   0.0
            +---------+---------+-------+---------+---------+-------
        D:1 |      66 |       0 |   0.0 |      30 |       0 |   0.0
        D:2 |      34 |       0 |   0.0 |       7 |       0 |   0.0
            +---------+---------+-------+---------+---------+-------
